 Dungeon Crawl Stone Soup version 0.30-a0-170-g85af917532 (webtiles) character file.

Game seed: 14316103549527935834

88 RepoMan the Poker (level 4, -6/35 HPs)
             Began as a Mummy Fighter on Oct 1, 2022.
             Killed by divine providence
             ... invoked by an orc priest
              (11 damage)
             ... on level 3 of the Dungeon.
             The game lasted 00:06:09 (2355 turns).

RepoMan the Poker (Mummy Fighter)                   Turns: 2355, Time: 00:06:10

Health: -6/35      AC:  6    Str: 21    XL:     4   Next: 29%
Magic:  4/4        EV:  9    Int:  7    God:
Gold:   67         SH:  4    Dex: 11    Spells: 3/3 levels left

rFire   . . .      SeeInvis .    a - +0 trident
rCold   . . .      Faith    +    c - +0 buckler
rNeg    + + +      Spirit   .    b - +0 scale mail
rPois   ∞          Reflect  .    (no helmet)
rElec   .          Harm     .    (no cloak)
rCorr   .          Rampage  .    (no gloves)
Will    .....                    (no boots)
Stlth   ..........               (no amulet)
HPRegen 0.11/turn                f - ring of fire
MPRegen 0.09/turn                (no ring)

@: about to teleport, studying Stealth
A: cold resistance 1, negative energy resistance 3, torment resistance 2, heat
vulnerability 1, in touch with death 1, no potions, faith
a: no special abilities


You were on level 3 of the Dungeon.
You visited 1 branch of the dungeon, and saw 3 of its levels.

You collected 67 gold pieces.

Inventory:

Hand Weapons
 a - a +0 trident (weapon)
Missiles
 h - 3 stones (quivered)
 j - 4 poisoned darts
Armour
 b - a +0 scale mail (worn)
 c - a +0 buckler (worn)
Jewellery
 f - a ring of fire (left hand)
Wands
 k - a wand of polymorph (10)
Scrolls
 g - a scroll of fear {unknown}
 i - a scroll of identify {unknown}
 l - a scroll of fog {unknown}


   Skills:
 - Level 3.0 Fighting
 * Level 3.8 Polearms
 - Level 2.4 Armour
 - Level 2.4 Shields


You had 3 spell levels left.
You didn't know any spells.
Your spell library contained the following spells:

 Spells                   Type           Power      Damage    Failure   Level
 Magic Dart               Conj           0%         1d3       86%         1
 Call Imp                 Summ           0%         N/A       95%         2
 Gell's Gravitas          Tloc           0%         N/A       99%         3
 Lesser Beckoning         Tloc           0%         N/A       99%         3
 Mephitic Cloud           Conj/Pois/Air  0%         N/A       99%         3
 Teleport Other           Tloc           0%         N/A       99%         3


Dungeon Overview and Level Annotations

Branches:
Dungeon (3/15)

Altars:
Nemelex Xobeh
Uskayaw

Shops:
D:1 *


Innate Abilities, Weirdness & Mutations

You are immune to poison.
Your flesh is cold resistant. (rC+)
You are immune to negative energy. (rN+++)
You are immune to unholy pain and torment.
You are vulnerable to heat. (rF-)
You are in touch with the powers of death.
You do not drink.
You have a special connection with the divine. (Faith)


Message History

* * * LOW HITPOINT WARNING * * *
Unknown command.
You barely miss the orc wizard.
The orc wizard is heavily wounded.
You feel less confused.
The orc priest hits you but does no damage.
The orc wizard gestures at you while chanting.
You block the puff of flame.
You miss the orc wizard.
The orc wizard is heavily wounded.
The orc priest hits you but does no damage.
The orc wizard hits you with a +3 dagger.
* * * LOW HITPOINT WARNING * * *
Unknown command.
Okay, then.
Unknown command.
Unknown command.
Press: ? - help, v - describe, . - travel, g - get item
Here: an orc priest, wielding a +0 whip
Items here: a +0 club; an orc corpse.
The floor.
Unknown command.
As you read the scroll labelled ZEWICV MACKAEMUOPH, it crumbles to dust.
You feel a surge of unholy energy.
The orc priest convulses!
The orc wizard convulses!
It was a scroll of torment.
The orc priest hits you but does no damage.
The orc wizard hits you but does no damage.
Press: ? - help, v - describe, . - travel, g - get item
Here: an orc wizard, wielding a +3 dagger and wearing a +0 robe (severely wounded)
Items here: a +0 club; 11 gold pieces.
The floor.
Unknown command.
You are studying Stealth.
Your movement speed is average.
Your attack delay is about 1.1.
Your damage rating with your +0 trident is about 12 (Base 9 x 127% (Str) x 112% (Skill)).
As you read the scroll labelled NUSID QU WEATO, it crumbles to dust.
You feel strangely unstable.
It was a scroll of teleportation.
The orc priest calls down the wrath of Beogh upon you.
Beogh smites you!
You die...

♣♣ ##.<...# #.....#... ♣..
....#.# ##.##.#...
..###.#.#.# ####.##.#...
#......#.# #....##.#.##
#.....#.###.#####.#.##
####.....#.....#####.#...
.#+##....#.....######......##
.......#...#o#.# #.##.#.##
#......#.#.o@#.# ####........
.........#)###+###.....######
#.......##.#....##.###.......
..........o#....##.##########
...........'....##....#
.######.####....#####'######
...........'...............#
..#####.####.oo............#
#....+.........<.....#


You could see an orc priest and an orc wizard.

Vanquished Creatures
  3 adders
  A dart slug (D:1)
  4 orcs (D:3)
  3 ball pythons (D:1)
  9 endoplasms
  3 giant cockroaches
  2 goblins (D:2)
  3 hobgoblins
  7 jackals (D:1)
  A quokka (D:3)
  3 bats
  2 frilled lizards (D:1)
  3 kobolds (D:1)
  5 rats
49 creatures vanquished.

Notes
Turn   | Place    | Note
-------+----------+-------------------------------------------
     0 | D:1      | RepoMan the Mummy Fighter began the quest for the Orb.
     0 | D:1      | Reached XP level 1. HP: 18/18 MP: 1/1
   367 | D:1      | Reached XP level 2. HP: 22/24 MP: 2/2
   669 | D:1      | Found a faded altar of an unknown god.
   859 | D:1      | Found Bugaf's Assorted Antiques.
   946 | D:1      | Gained mutation: You are in touch with the powers of death.
                  | [Mummy growth]
   946 | D:1      | Reached XP level 3. HP: 29/29 MP: 3/3
  1924 | D:3      | Reached XP level 4. HP: 33/35 MP: 4/4
  2155 | D:3      | Found a hide-covered altar of Uskayaw.
  2155 | D:3      | Found a sparkling altar of Nemelex Xobeh.
  2355 | D:3      | Killed from afar by an orc priest

Illustrated notes

Levels and vault maps discovered:
D:1:      reono_arrival_forest_river, layout_loops_corners,
          chequers_ecumenical_altar_grove, serial_shops, shop_fountains
D:2:      layout_loops_ring
D:3:      layout_basic, mainiacjoe_overflow_cross_hatched,
          mainiacjoe_overflow_divided_tiny, serial_forest,
          infiniplex_forest_clump_small, infiniplex_forest_lined_2,
          infiniplex_forest_lined_room_, infiniplex_forest_clump_small,
          infiniplex_forest_clump_double

Skill      XL: |  1  2  3 |
---------------+----------+-----
Polearms       | 2 3 |  3.8
Fighting       | |  3.0
Armour         | |  2.4
Shields        | |  2.4

Action                   |  1- 3 |  4- 6 || total
-------------------------+-------+-------++-------
Melee: Trident           |   129 |    41 ||   170
Throw: Stone             |    12 |     1 ||    13
  Use: Scroll            |       |     2 ||     2
Armor: Scale mail        |    38 |    20 ||    58
Dodge: Dodged            |    45 |    13 ||    58
Block: Buckler           |    20 |     3 ||    23

Table legend: (Time is in decaauts)
 A = Elapsed time spent in this place.
 B = Non-inter-level travel time spent in this place.
 C = Inter-level travel time spent in this place.
 D = Time resting spent in this place.
 E = Time spent auto-exploring this place.
 F = Levels seen in this place.
 G = Mean time per level.
                   A        B        C        D        E       F      G
               +--------+--------+--------+--------+--------+-----+--------+
         Total |   2398 |   2357 |     41 |    390 |   1456 |   3 |  799.3 |
       Dungeon |   2398 |   2357 |     41 |    390 |   1456 |   3 |  799.3 |
               +--------+--------+--------+--------+--------+-----+--------+

Top non-repeatable levels by time:
     D:1: 1230 daAuts
     D:2: 680 daAuts
     D:3: 487 daAuts
